 Dungeon Crawl Stone Soup version 0.29.0 (webtiles) character file.

Game seed: 3931525439040646823

27 lyrin the Sneak (level 2, -3/25 HPs)
             Began as a Draconian Brigand on Sept 4, 2022.
             Killed from afar by Natasha (5 damage)
             ... with a magic dart
             ... on level 1 of the Dungeon.
             The game lasted 00:01:54 (741 turns).

lyrin the Sneak (Draconian Brigand)                  Turns: 741, Time: 00:01:55

Health: -3/25      AC:  5    Str: 13    XL:     2   Next: 93%
Magic:  2/2        EV: 11    Int: 11    God:
Gold:   50         SH:  0    Dex: 12    Spells: 1/1 levels left

rFire   . . .      SeeInvis .   a - +2 dagger
rCold   + . .      Faith    .   (no shield)
rNeg    . . .      Spirit   .   (body armour unavailable)
rPois   .          Reflect  .   (helmet restricted)
rElec   .          Harm     .   b - +0 cloak
rCorr   .          Rampage  .   (no gloves)
Will    .....                   (no boots)
Stlth   ++........              m - amulet of the acrobat
HPRegen 0.08/turn               o - ring of protection from cold
MPRegen 0.08/turn               (no ring)

@: no status effects
A: AC +4, unfitting armour, cold-blooded
a: no special abilities


You were on level 1 of the Dungeon.
You visited 1 branch of the dungeon, and saw 2 of its levels.

You collected 50 gold pieces.

Inventory:

Hand Weapons
 a - a +2 dagger (weapon)
Missiles
 c - 12 poisoned darts (quivered)
 d - 3 curare-tipped darts
Armour
 b - a +0 cloak (worn)
Magical Staves
 j - a staff of earth
Jewellery
 m - an amulet of the acrobat (around neck)
 o - a ring of protection from cold (left hand)
Scrolls
 l - a scroll of enchant armour {unknown}
 n - a scroll of identify {unknown}
Potions
 e - a potion of berserk rage {unknown}
 f - a potion of magic {unknown}
 g - a potion of curing {unknown}
 h - a potion of attraction {unknown}
 i - a potion of brilliance {unknown}
 k - a potion of flight {unknown}


   Skills:
 + Level 2.7 Fighting
 + Level 2.5 Short Blades
 + Level 2.2 Throwing
 + Level 1.2 Dodging
 - Level 3.6 Stealth


You had one spell level left.
You didn't know any spells.
Your spell library contained the following spells:

 Spells                   Type           Power      Damage    Failure   Level
 Fulminant Prism          Conj/Hex       0%         3d6       98%         4
 Iskenderun's Mystic Bla  Conj/Tloc      0%         2d3       98%         4
 Lee's Rapid Deconstruct  Erth           0%         3d5*      100%        5


Dungeon Overview and Level Annotations

Branches:
Dungeon (2/15)

Altars:

Annotations:
D:1 Natasha


Innate Abilities, Weirdness & Mutations

Your plain brown scales are hard. (AC +4)
You cannot fit into any form of body armour.
You are cold-blooded and may be slowed by cold attacks.


Message History

Found a smoky amethyst potion.
There is a stone staircase leading up here.
There are monsters nearby!
The bat completely misses you.
Natasha hisses angrily.
You miss Natasha. The bat hits you but does no damage. Natasha claws you.
Natasha attacks as you move away! Natasha closely misses you.
The bat completely misses you.
There is a stone staircase leading up here.
The bat closely misses you.
Natasha wildly gestures.
Natasha shimmers violently.
Natasha claws you!
You climb upwards.
There is a stone staircase leading down here.
You hit Natasha. You tail-slap Natasha.
Natasha is heavily wounded.
Natasha growls.
Natasha closely misses you.
You barely miss Natasha.
Natasha is heavily wounded.
You hit Natasha.
Natasha is severely wounded.
Natasha closely misses you.
You hit Natasha.
Natasha is severely wounded.
Natasha claws you.
You hit Natasha but do no damage.
Natasha is severely wounded.
Natasha casts a spell at you. The magic dart hits you.
* * * LOW HITPOINT WARNING * * *
You don't know any spells.
Unknown command.
Okay, then.
You hit Natasha.
Your tail-slap misses Natasha.
Natasha is almost dead.
Natasha casts a spell at you. The magic dart hits you.
You die...

#....).....#.......#.#.
#..........#.......#.#.
#..........#.......#.#.
##........##....>..#.#.
##......###.......#.#.
#####.####......†..#.
#........#.......####
#..h.............[...
#...@....#...........
#........#...........
#........######...###
#...........~~~....~~
#.............~.≈.~..
#########...~~~≈~≈~≈~
#.....≈≈≈≈≈≈≈
##.#..≈≈≈≈≈≈~
#.#.≈~≈≈♣♣~≈


You could see Natasha.

Vanquished Creatures
  2 dart slugs (D:1)
  A bat (D:1)
  6 endoplasms (D:1)
  A goblin (D:1)
  4 hobgoblins (D:1)
  A ball python (D:1)
  2 frilled lizards (D:1)
  2 kobolds (D:1)
  2 rats (D:1)
21 creatures vanquished.

Notes
Turn   | Place    | Note
-------+----------+-------------------------------------------
     0 | D:1      | lyrin the Draconian Brigand began the quest for the Orb.
     0 | D:1      | Reached XP level 1. HP: 17/17 MP: 1/1
   179 | D:1      | Reached skill level 1 in Dodging
   179 | D:1      | Reached XP level 2. HP: 25/25 MP: 2/2
   620 | D:1      | Found a faded altar of an unknown god.
   730 | D:2      | Noticed Natasha
   741 | D:1      | Killed from afar by Natasha

Illustrated notes

Levels and vault maps discovered:
D:1:      nzn_arrival_water_spiral, layout_rooms,
          chequers_ecumenical_altar_island, minivault_27
D:2:      layout_rooms, uniq_natasha

Skill      XL: |  1 |
---------------+----+-----
Throwing       | 2 |  2.2
Dodging        | 1 |  1.2
Fighting       | |  2.7
Short Blades   | |  2.5
Stealth        | |  3.6

Action                   || total
-------------------------++-------
Melee: Dagger            ||    57
       Punch             ||     1
       Tailslap          ||     8
 Stab: Sleeping          ||     5
Armor: Skin              ||    12
Dodge: Dodged            ||    29
